 Dungeon Crawl Stone Soup version 0.30-a0-777-ga9a30cbeda (webtiles) character file.

Game seed: 13428090553082184346

119253 oldriver the Warrior (level 17, -29/162 (170) HPs)
             Began as a Meteoran Hunter on Feb 13, 2023.
             Was an Elder of Okawaru.
             Annihilated by a wolf spider simulacrum (30 damage)
             ... on level 2 of the Spider Nest.
             The game lasted 01:10:52 (11920 turns).

oldriver the Warrior (Meteoran Hunter)             Turns: 11920, Time: 01:10:52

HP:   -29/162 (170) AC: 14    Str: 16    XL:     17   Next: 53%
MP:   36/36         EV: 29    Int: 20    God:    Okawaru [****..]
Gold: 2744          SH:  0    Dex: 31    Spells: 16/16 levels left

rFire   . . .      SeeInvis .    N - +5 shortbow "Impslayer" {freeze, Str+3 Dex+3}
rCold   . . .      Faith    .    (shield currently unavailable)
rNeg    . . .      Spirit   .    W - +4 ring mail of Haboal {rPois Regen+}
rPois   +          Reflect  .    q - +0 helmet {Int+3}
rElec   .          Harm     .    s - +2 cloak
rCorr   +          Rampage  .    S - +0 pair of fencer's gloves {Riposte Dex+3}
Will    ++...                    m - +0 pair of boots
Stlth   ++                       (no amulet)
HPRegen 1.27/turn                c - ring "Haat" {rCorr MP+9 Int+5}
MPRegen 0.25/turn                V - +4 ring of slaying

@: heroic, corroded, glowing, lightly drained
A: sense surroundings 2, otherworldly, glowing, explore regen
}: 1/15 runes: barnacled
a: Renounce Religion, Heroism, Finesse


You were on level 2 of the Spider Nest.
You worshipped Okawaru.
Okawaru was greatly pleased with you.
You visited 5 branches of the dungeon, and saw 23 of its levels.
You also visited: Bailey and Volcano.

You collected 4110 gold pieces.
You spent 1366 gold pieces at shops.

Inventory:

Hand Weapons
 x - a +1 longbow of electrocution
 B - the +11 plutonium sword {Contam Stlth-}
   (You found it on level 4 of the Shoals)

   Contam:    It causes magical contamination when unequipped.
   Stlth:     It makes you less stealthy.
 G - a +2 sling of electrocution
 N - the +5 shortbow "Impslayer" (weapon) {freeze, Str+3 Dex+3}
   (You bought it in a shop on level 10 of the Dungeon)

   Str:       It affects your strength (+3).
   Dex:       It affects your dexterity (+3).
Missiles
 k - 7 atropa-tipped darts
 l - 5 throwing nets
Armour
 m - a +0 pair of boots (worn)
 q - a +0 helmet of intelligence (worn)
 s - a +2 cloak (worn)
 D - +1 fire dragon scales
 S - the +0 pair of fencer's gloves (worn) {Riposte Dex+3}
   (You found it in a volcano)

   Riposte:   It allows the wearer to riposte with melee weapons, swiftly
   retaliating against missed or blocked melee attacks.
   Dex:       It affects your dexterity (+3).
 W - the +4 ring mail of Haboal (worn) {rPois Regen+}
   (You found it on level 1 of the Shoals)

   rPois:     It protects you from poison.
   Regen:     It increases your rate of health regeneration.
Jewellery
 c - the ring "Haat" (left hand) {rCorr MP+9 Int+5}
   (You bought it in a shop on level 8 of the Dungeon)

   [ring of magical power]

   Int:       It affects your intelligence (+5).
   MP:        It affects your magic capacity (+9).
   rCorr:     It protects you from acid and corrosion.
 o - a ring of protection from cold
 y - a ring of flight
 F - a ring of positive energy
 I - a ring of protection from fire
 V - a +4 ring of slaying (right hand)
Wands
 g - a wand of flame (23)
 r - a wand of acid (26)
 P - a wand of paralysis (6)
 R - a wand of polymorph (3)
Scrolls
 a - a scroll of magic mapping
 b - 5 scrolls of immolation
 f - a scroll of brand weapon
 i - 4 scrolls of teleportation
 j - a scroll of fog
 E - 9 scrolls of identify
 H - 2 scrolls of vulnerability
 J - 4 scrolls of fear
 O - 3 scrolls of poison
Potions
 d - 4 potions of mutation
 e - a potion of cancellation
 h - 6 potions of flight
 p - 5 potions of ambrosia
 t - 3 potions of resistance
 w - 5 potions of curing
 z - 3 potions of lignification
 A - 2 potions of berserk rage
 K - a potion of magic
 L - 5 potions of brilliance
 Q - 2 potions of haste
 T - 2 potions of might
Miscellaneous
 v - a condenser vane
 C - a lightning rod (4/4)
 X - a tin of tremorstones (2/2)


   Skills:
 - Level 20.0(25.0) Fighting
 - Level 16.0(21.0) Ranged Weapons
 - Level 3.0(8.0) Throwing
 + Level 12.7(17.7) Armour
 + Level 12.7(17.7) Dodging
 - Level 0.6(5.6) Stealth
 - Level 13.0 Invocations
 - Level 11.0 Evocations


You had 16 spell levels left.
You didn't know any spells.
Your spell library contained the following spells:

 Spells                   Type           Power      Damage    Failure   Level
 Freeze                   Ice            0%         1d3       28%         1
 Kiss of Death            Conj/Necr      0%         2d5       28%         1
 Sandblast                Erth           0%         2d4       28%         1
 Sting                    Tmut/Pois      0%         1d3       28%         1
 Lesser Beckoning         Tloc           0%         N/A       38%         2
 Passwall                 Tmut/Erth      0%         N/A       38%         2
 Poisonous Vapours        Pois/Air       0%         N/A       38%         2
 Static Discharge         Conj/Air       0%         2-2/arc   38%         2
 Sublimation of Blood     Necr           0%         N/A       38%         2
 Wereblood                Tmut           0%         N/A       38%         2
 Confusing Touch          Hex            0%         N/A       63%         3
 Frozen Ramparts          Ice            0%         1d1       63%         3
 Gell's Gravitas          Tloc           0%         N/A       63%         3
 Hailstorm                Conj/Ice       0%         3d3       63%         3
 Inner Flame              Hex/Fire       0%         N/A       63%         3
 Ozocubu's Armour         Ice            0%         N/A       63%         3
 Stone Arrow              Conj/Erth      0%         3d7       63%         3
 Teleport Other           Tloc           0%         N/A       63%         3
 Vhi's Electric Charge    Tloc/Air       0%         N/A       63%         3
 Dispel Undead            Necr           0%         3d6       95%         4
 Flame Wave               Conj/Fire      0%         2d4       95%         4
 Olgreb's Toxic Radiance  Pois           0%         N/A       95%         4
 Petrify                  Tmut/Erth      0%         N/A       95%         4
 Sticky Flame             Conj/Fire      0%         2d3       95%         4
 Arcjolt                  Conj/Air       0%         1d10      100%        5
 Fireball                 Conj/Fire      0%         3d3       100%        5
 Irradiate                Conj/Tmut      0%         3d11      100%        5
 Iskenderun's Battlesphe  Conj           0%         2d6       100%        5
 Lightning Bolt           Conj/Air       0%         1d11      100%        5
 Metabolic Englaciation   Hex/Ice        0%         N/A       100%        5
 Yara's Violent Unravell  Hex/Tmut       0%         3d3       100%        5
 Conjure Ball Lightning   Conj/Air       0%         3x3d6     100%        6
 Enfeeble                 Hex            0%         N/A       100%        7
 Orb of Destruction       Conj           0%         9d5       100%        7
 Borgnjor's Revivificati  Necr           0%         N/A       100%        8
 Necromutation            Tmut/Necr      0%         N/A       100%        8
 Death's Door             Necr           0%         N/A       100%        9
 Simulacrum               Ice/Necr       Unusable   N/A       N/A         6
 Summon Hydra             Summ           Unusable   N/A       N/A         7

Dungeon Overview and Level Annotations

Branches:
Dungeon (11/15) Zot: 366   Temple (1/1) D:5 Zot: 422    Lair (5/5) D:11 Zot: 797
 Shoals (4/4) Lair:3 Zot: 548  Spider (2/4) Lair:3 Zot: 784   Slime (0/5) Lair:5
 Bailey (visited)         Volcano (visited)
    Orc: D:9-12

Altars:
Ashenzari
Cheibriados
Dithmenos
Elyvilon
Fedhas
Gozag
Hepliaklqana
Kikubaaqudgha
Makhleb
Nemelex Xobeh
Okawaru
Qazlal
Ru
Sif Muna
Trog
Uskayaw
Vehumet
Wu Jian
Xom
Yredelemnul
Zin
The Shining One
Jiyva

Shops:
D:7 ((*!   D:8 *   D:10 *   Shoals:2 **

Annotations:
D:7 2 transporters
D:8 1 runed translucent door, Zvl3's ghost, novice MiHu


Innate Abilities, Weirdness & Mutations

You passively map the area around you.
You are easily found by Zot.
You glow in the dark.
You regain HP and MP as you explore.


Message History

Okay, then.
Okay, then.
You feel much better. The tarantella completely misses you.
The entropy weaver misses you.
The entropy weaver hits you but does no damage.
The entropy weaver closely misses you. The entropy weaver barely misses you.
The wolf spider simulacrum completely misses you. x2
The redback simulacrum bites you.
* * * LOW HITPOINT WARNING * * *
The redback simulacrum freezes you!!
* * * LOW HITPOINT WARNING * * *
The tarantella misses you. The entropy weaver misses you.
The entropy weaver completely misses you.
The entropy weaver hits you!
* * * LOW HITPOINT WARNING * * *
The entropy weaver hits you.
* * * LOW HITPOINT WARNING * * *
You feel much better. The wolf spider simulacrum hits you!
* * * LOW HITPOINT WARNING * * *
The wolf spider simulacrum freezes you!
* * * LOW HITPOINT WARNING * * *
The wolf spider simulacrum closely misses you.
The tarantella completely misses you.
The redback simulacrum completely misses you.
The entropy weaver points at you and mumbles some strange words.
The entropic weave corrodes you!
The wolf spider simulacrum completely misses you.
The wolf spider simulacrum misses you.
You feel much better. The tarantella completely misses you.
The redback simulacrum bites you.
* * * LOW HITPOINT WARNING * * *
The redback simulacrum freezes you!
* * * LOW HITPOINT WARNING * * *
The entropy weaver closely misses you. x2; The entropy weaver hits you!
* * * LOW HITPOINT WARNING * * *
The entropy weaver completely misses you.
The wolf spider simulacrum hits you.
* * * LOW HITPOINT WARNING * * *
The wolf spider simulacrum freezes you!!
You die...

*#.# #...# #.# ##...#
#.##....# * #..#....#
*#..††.# *#.^..# #....# ,*
##..Z# * * ##Z@# *,
##.Bs##########..*
##...Z...s........
##.........B.......
##.....^...s........ ^
##.......#........... ,,,
###.^......#.†.....>...,
####.......##..##.........,
#.......#####††####.......
,,


You could see an entropy weaver (soul bound), a tarantella (soul bound), a wolf
spider simulacrum and 2 redback simulacra.

Vanquished Creatures
  2 sphinxes (Shoals:4)
  A kraken (Shoals:2)
  Polyphemus (Shoals:2)
  An emperor scorpion (Spider:2)
  Louise (Spider:1)
  2 minotaurs (Shoals:4)
  A merfolk javelineer (Shoals:4)
  An entropy weaver (Spider:1)
  3 merfolk impalers
  2 hydras
  3 merfolk avatars
  A catoblepas (Shoals:2)
  Erica (D:10)
  2 two-headed ogres
  10 satyrs (Shoals:4)
  A death knight (D:10)
  7 death yaks
  3 pharaoh ants
  Nergalle (Lair:2)
  3 sun demons (Shoals:3)
  A fire crab (Lair:4)
  3 skysharks (Shoals:2)
  A shadow wraith (Shoals:2)
  An orb spider (Spider:1)
  A wizard (D:10)
  6 sea snakes
  2 steelbarb worms
  An orc knight (Bailey)
  4 lindwurms
  8 harpies (Shoals:4)
  17 fauns
  3 wolf spiders (Spider:2)
  An ugly thing (D:7)
  A cyclops (Shoals:1)
  16 manticores
  2 moths of wrath (Spider:1)
  7 merfolk sirens
  Maurice (D:10)
  6 water nymphs
  2 demonic crawlers (Spider:1)
  6 black mambas
  A torpor snail (Lair:5)
  5 elephants
  2 molten gargoyles (Volcano)
  8 cane toads
  A gargoyle (D:10)
  2 efreet (Volcano)
  An unseen horror (D:10)
  6 komodo dragons
  3 meliai (Spider:1)
  3 trolls (D:10)
  A burning bush (Lair:1)
  13 polar bears
  A queen bee (Spider:1)
  8 merfolk
  3 tarantellas (Spider:1)
  4 dream sheep
  2 wind drakes
  12 blink frogs
  3 raiju (Lair:5)
  A hornet (Lair:2)
  4 snapping turtles
  5 jumping spiders
  2 culicivoras (Spider:1)
  2 wraiths
  4 wyverns
  A water elemental (Shoals:4)
  Eustachio (D:6)
  A shadow (D:10)
  5 fire elementals (Volcano)
  33 yaks
  12 redbacks
  A steam dragon (D:7)
  2 vampire mosquitoes (D:10)
  4 wargs (Lair:5)
  14 hell hounds (Lair:5)
  2 acid dragons (D:10)
  10 water moccasins
  10 orc warriors
  3 ice beasts
  2 sky beasts
  12 black bears (Lair:5)
  4 boggarts (Lair:5)
  27 wolves
  7 centaurs (D:11)
  A phantom (D:4)
  5 kobold brigands
  A gnoll sergeant (D:5)
  6 bullfrogs
  2 scorpions
  4 earth elementals (Volcano)
  5 wights
  22 killer bees
  2 spriggan skeletons (D:9)
  3 howler monkeys
  4 jellies
  8 orc priests
  2 iguanas
  13 orc wizards
  Terence (D:3)
  9 gnolls
  6 adders
  A white imp (D:6)
  A worm (D:4)
  2 dart slugs
  39 orcs
  4 ball pythons
  4 bats
  7 endoplasms
  4 giant cockroaches
  11 goblins
  7 hobgoblins
  3 jackals (D:2)
  37 kobolds
  5 quokkas
  4 frilled lizards
  22 rats
  2 fire vortices (Volcano)
  2 tentacles (Shoals:2)
634 creatures vanquished.

Vanquished Creatures (others)
  2 blink frogs (Lair:4)
  A fire vortex (Volcano)
  19 fungi
  35 plants
  2 tentacles (Shoals:2)
59 creatures vanquished.

Grand Total: 693 creatures vanquished

Notes
Turn   | Place    | Note
-------+----------+-------------------------------------------
     0 | D:1      | oldriver the Meteoran Hunter began the quest for the Orb.
     0 | D:1      | Reached XP level 1. HP: 17/17 MP: 2/2
    51 | D:1      | Reached XP level 2. HP: 20/24 MP: 3/3
    78 | D:1      | Found a faded altar of an unknown god.
   175 | D:1      | Reached skill level 1 in Armour
   175 | D:1      | Reached XP level 3. HP: 22/30 MP: 4/4
   427 | D:1      | Reached skill level 5 in Ranged Weapons
   427 | D:1      | Reached XP level 4. HP: 29/37 MP: 5/5
   620 | D:2      | Reached XP level 5. HP: 35/44 MP: 6/6
   656 | D:2      | Reached skill level 3 in Fighting
  1109 | D:3      | Noticed Terence
  1116 | D:3      | Killed Terence
  1466 | D:3      | Reached XP level 6. HP: 23/51 MP: 7/7
  1515 | D:3      | Found a burning altar of Makhleb.
  1517 | D:3      | Found a glowing silver altar of Zin.
  1518 | D:3      | Noticed an Executioner
  1518 | D:3      | Noticed an angel
  2001 | D:4      | Reached XP level 7. HP: 58/58 MP: 8/8
  2074 | D:5      | Entered Level 5 of the Dungeon
  2109 | D:4      | Reached skill level 4 in Fighting
  2231 | D:5      | HP: 1/59 [acid (10)]
  2315 | D:5      | Reached XP level 8. HP: 55/67 MP: 9/9
  2337 | D:5      | Reached skill level 1 in Throwing
  2370 | D:5      | Found a staircase to the Ecumenical Temple.
  2376 | Temple   | Entered the Ecumenical Temple
  2527 | Temple   | Became a worshipper of Warmaster Okawaru
  2581 | D:5      | Reached skill level 5 in Dodging
  2748 | D:5      | Found a shadowy altar of Dithmenos.
  2849 | D:6      | Reached skill level 5 in Fighting
  2851 | D:6      | Found a shimmering altar of Xom.
  3033 | D:6      | Noticed Eustachio
  3060 | D:6      | Killed Eustachio
  3060 | D:6      | Reached * piety under Okawaru
  3061 | D:6      | Gained mutation: You passively map the area around you.
                  | [Meteoran growth]
  3061 | D:6      | Reached XP level 9. HP: 17/68 MP: 10/10
  3161 | D:7      | Reached skill level 1 in Invocations
  3443 | D:6      | Found a basalt altar of Yredelemnul.
  3608 | D:7      | Found a transporter.
  3612 | D:7      | Noticed a gargoyle
  3612 | D:7      | Noticed a gargoyle
  3641 | D:7      | Reached skill level 6 in Fighting
  3641 | D:7      | Reached skill level 10 in Ranged Weapons
  3648 | D:7      | Reached ** piety under Okawaru
  3672 | D:7      | Found Vuby's Distillery.
  3682 | D:7      | Bought a potion of curing for 39 gold pieces
  3682 | D:7      | Bought a potion of curing for 39 gold pieces
  3682 | D:7      | Bought a potion of curing for 39 gold pieces
  3682 | D:7      | Bought a potion of resistance for 130 gold pieces
  3696 | D:7      | Noticed a green ugly thing
  3711 | D:7      | Killed a green ugly thing
  3712 | D:7      | Reached skill level 7 in Fighting
  3712 | D:7      | Reached skill level 5 in Invocations
  3712 | D:7      | Reached XP level 10. HP: 54/88 MP: 12/14
  3721 | D:7      | Reached skill level 8 in Fighting
  3735 | D:7      | Noticed a two-headed ogre
  3743 | D:7      | Killed a two-headed ogre
  3743 | D:7      | Reached *** piety under Okawaru
  3744 | D:7      | Reached skill level 9 in Fighting
  3775 | D:7      | Found a snail-covered altar of Cheibriados.
  3776 | D:7      | Found a transporter.
  3777 | D:7      | Found a blossoming altar of Fedhas.
  3859 | D:7      | Found Lytaps's Antique Weapon Emporium.
  3965 | D:8      | Found Iwnor's Assorted Antiques.
  3997 | D:8      | Bought a shimmering tin ring for 135 gold pieces
  3997 | D:8      | Identified the ring "Haat" {rCorr MP+9 Int+5} (You bought
                  | it in a shop on level 8 of the Dungeon)
  4081 | D:8      | Found a flagged portal.
  4100 | Bailey   | Entered a bailey
  4111 | Bailey   | Noticed an orc knight
  4130 | Bailey   | Reached skill level 5 in Armour
  4310 | Bailey   | Killed an orc knight
  4311 | Bailey   | Reached XP level 11. HP: 50/97 MP: 15/15
  4489 | D:8      | Found a runed translucent door.
  4517 | D:8      | Reached **** piety under Okawaru
  4558 | D:8      | Noticed Zvl3's ghost (novice MiHu)
  4717 | D:7      | Found Kenuqeyd's Assorted Antiques.
  4726 | D:7      | Bought a jewelled ring mail for 171 gold pieces
  4726 | D:7      | Identified the +3 ring mail of Dyspraxia {Rampage rPois rC+
                  | Str-3} (You bought it in a shop on level 7 of the Dungeon)
  4731 | D:7      | Found Mishrigaw's Antique Weapon Emporium.
  4745 | D:7      | Bought a glowing shortbow for 156 gold pieces
  4758 | D:7      | Bought a potion of curing for 57 gold pieces
  5247 | D:9      | Reached skill level 1 in Evocations
  5294 | D:9      | Reached skill level 10 in Fighting
  5750 | D:9      | Glimpsed the power of Zot.
  5756 | D:10     | Entered Level 10 of the Dungeon
  5934 | D:10     | Noticed Maurice
  5949 | D:10     | Killed Maurice
  6106 | D:10     | Noticed a death knight
  6123 | D:10     | Received a gift from Okawaru
  6135 | D:10     | Reached XP level 12. HP: 54/107 MP: 16/16
  6135 | D:10     | Killed a death knight
  6157 | D:10     | Identified the +1 flail of Imbalance {heavy, rPois rF++
                  | Str-2 SInv}
  6157 | D:10     | Noticed a wizard
  6176 | D:10     | Found Evvui's General Store.
  6193 | D:10     | Noticed a two-headed ogre
  6194 | D:10     | Noticed Erica
  6206 | D:10     | Killed a two-headed ogre
  6207 | D:10     | Reached skill level 5 in Evocations
  6216 | D:10     | Killed Erica
  6216 | D:10     | Reached ***** piety under Okawaru
  6217 | D:10     | Reached skill level 11 in Fighting
  6366 | D:10     | Received a gift from Okawaru
  6389 | D:10     | Glimpsed the power of Zot.
  6392 | D:10     | Killed a wizard
  6440 | D:10     | Glimpsed the power of Zot.
  6533 | D:10     | Bought the +5 shortbow "Impslayer" {freeze, Str+3 Dex+3}
                  | for 600 gold pieces
  6718 | D:11     | Found a staircase to the Lair.
  6729 | Lair:1   | Entered Level 1 of the Lair of Beasts
  6842 | Lair:2   | Received a gift from Okawaru
  6843 | Lair:2   | Reached skill level 10 in Dodging
  6931 | Lair:2   | Noticed Nergalle
  6951 | Lair:2   | Killed Nergalle
  6952 | Lair:2   | Reached skill level 12 in Fighting
  6952 | Lair:2   | Reached XP level 13. HP: 85/116 MP: 17/17
  6996 | Lair:2   | Reached skill level 10 in Armour
  7119 | Lair:1   | Noticed a boulder beetle
  7331 | Lair:3   | Noticed a seven-headed hydra
  7393 | Lair:3   | Killed a seven-headed hydra
  7618 | Lair:5   | Entered Level 5 of the Lair of Beasts
  7719 | Lair:5   | Identified a scroll of acquirement
  7775 | Lair:5   | Noticed a six-headed hydra
  7786 | Lair:5   | Killed a six-headed hydra
  7799 | Lair:5   | Acquired a manual of Fighting
  7802 | Lair:5   | Found a dark tunnel.
  7808 | Volcano  | Entered a volcano
  7879 | Volcano  | Found the +0 pair of fencer's gloves {Riposte Dex+3}
  7949 | Volcano  | Reached skill level 13 in Fighting
  7971 | Volcano  | Received a gift from Okawaru
  7972 | Volcano  | Reached XP level 14. HP: 37/129 MP: 16/20
  8456 | Lair:5   | Found a viscous altar of Jiyva.
  8456 | Lair:5   | Found a staircase to the Slime Pits.
  8554 | Lair:5   | Received a gift from Okawaru
  8555 | Lair:5   | Reached skill level 14 in Fighting
  8557 | Lair:5   | Reached skill level 10 in Invocations
  8941 | Lair:4   | Reached skill level 15 in Fighting
  9000 | Lair:4   | Reached XP level 15. HP: 105/141 MP: 24/24
  9277 | Lair:3   | Found a hole to the Spider Nest.
  9307 | Lair:3   | Found a staircase to the Shoals.
  9313 | Shoals:1 | Entered Level 1 of the Shoals
  9417 | Shoals:1 | Received a gift from Okawaru
  9418 | Shoals:1 | Reached skill level 16 in Fighting
  9424 | Shoals:1 | Identified the +4 ring mail of Haboal {rPois Regen+}
  9711 | Shoals:1 | Acquired 1182 gold pieces
  9728 | Shoals:2 | Noticed a kraken
  9745 | Shoals:2 | Killed a kraken
  9746 | Shoals:2 | Reached skill level 17 in Fighting
  9823 | Shoals:2 | Found Xohiojai's General Store.
  9827 | Shoals:2 | Found Mots's Specific Store.
  9943 | Shoals:2 | Noticed Polyphemus
 10018 | Shoals:2 | Killed Polyphemus
 10040 | Shoals:2 | Reached skill level 18 in Fighting
 10079 | Shoals:3 | Reached skill level 15 in Ranged Weapons
 10228 | Shoals:4 | Entered Level 4 of the Shoals
 10268 | Shoals:3 | Received a gift from Okawaru
 10272 | Shoals:3 | Reached XP level 16. HP: 117/159 MP: 25/25
 10318 | Shoals:4 | Reached skill level 19 in Fighting
 10408 | Shoals:4 | Identified the +0 dagger of the Egg {freeze, *Slow Fly
                  | rElec}
 10485 | Shoals:4 | Noticed a sphinx
 10504 | Shoals:4 | Killed a sphinx
 10504 | Shoals:4 | Identified the +1 arbalest of Xalogham {flame, rCorr Int+3}
                  | (Okawaru gifted it to you on level 4 of the Shoals)
 10504 | Shoals:4 | Received a gift from Okawaru
 10517 | Shoals:4 | Noticed a sphinx
 10522 | Shoals:4 | Killed a sphinx
 10562 | Shoals:4 | Found the +11 plutonium sword {Contam Stlth-}
 10577 | Shoals:4 | Reached skill level 20 in Fighting
 10608 | Shoals:4 | Got a barnacled rune of Zot
 10661 | Shoals:4 | Reached skill level 10 in Evocations
 10832 | Shoals:3 | Identified the +0 hat "Udodexes" {Rampage} (Okawaru gifted
                  | it to you on level 3 of the Shoals)
 10832 | Shoals:3 | Received a gift from Okawaru
 10833 | Shoals:3 | Reached XP level 17. HP: 170/170 MP: 27/27
 11413 | Spider:1 | Entered Level 1 of the Spider Nest
 11688 | Spider:1 | Noticed Louise
 11715 | Spider:1 | Killed Louise
 11918 | Spider:2 | HP: 5/162 [entropy weaver (11)]
 11918 | Spider:2 | HP: 2/162 [entropy weaver (3)]
 11920 | Spider:2 | Annihilated by a wolf spider simulacrum

Illustrated notes

Levels and vault maps discovered:
D:1:      erik_arrival_blinker_ship, layout_basic,
          chequers_ecumenical_altar_island
D:2:      layout_loops_ring, minmay_circle_x
D:3:      layout_basic, grunt_temple_overflow_order_and_chaos_2, uniq_terence,
          uniq_crazy_yiuf_cottage
D:4:      layout_loops_ring, minmay_rat_hole
D:5:      layout_rooms, nicolae_overflow_crystal_walls,
          minmay_temple_entry_fiery, hangedman_decor_growths
D:6:      layout_loops_ring, lemuel_crystal_altar, mainiacjoe_overflow_alcove_1,
          uniq_eustachio
D:7:      layout_loops_ring, gammafunk_temple_overflow_arena, serial_shops,
          nicolae_shop_waterfront, nicolae_shop_waterfront,
          nicolae_lakefront_shop, nicolae_shop_stone, kb_rosetta
D:8:      minmay_weird_star, layout_basic, gammafunk_ghost_grave,
          enter_bailey_3, serial_shops, nicolae_shop_stone
D:9:      layout_basic, hangedman_tell_no_tales
D:10:     minmay_bloctagon, layout_loops_ring, serial_shops,
          nicolae_shop_temple_entry_statues_fountains, dk_noncrumbling_2,
          fountainhead, uniq_erica, uniq_maurice
D:11:     layout_cave_pools, lair_entry_dummy
Temple:   nicolae_temple_bog_church
Lair:1:   layout_cave_shapes, gammafunk_ghost_icy, evilmike_ambush
          [evilmike_ambush_outer_basic, evilmike_ambush_inner_wall_2]
Lair:2:   layout_roguey, cheibrodos_lair_reptile_den, uniq_nergalle
Lair:3:   layout_gridlike, minmay_shoals_entry_lonely_mermaid,
          dummy_spider_entry, chequers_serial_rivers_small_3,
          nicolae_lair_lindhole
Lair:4:   layout_small_grid
Lair:5:   hangedman_lair_caniforms_friends, layout_concentric_octagons,
          slime_entry_1, nicolae_volcano_entry_hallway, ldierk_geyser,
          kilobyte_rumbling_trees
Shoals:1: layout_shoals, ldierk_geyser
Shoals:2: layout_shoals, nicolae_specific_store,
          nicolae_shoals_hidden_pirate_stash, uniq_polyphemus
Shoals:3: layout_shoals, nicolae_shoals_sun_and_surf
Shoals:4: shoals_end_hellmonk_lost_city
Spider:1: layout_cave_pods, special_room [special_room_bee], drop_trap,
          uniq_louise
Spider:2: layout_cave_pods

Skill      XL: |  1  2  3  4  5  6  7  8  9 10 11 12 13 14 15 16 17 |
---------------+----------------------------------------------------+-----
Armour         | 1 2 3 4 5 7 9 11 12 | 12.7
Dodging        | 3 4 5 6 8 10 11 12 | 12.7
Ranged Weapons | 5 6 9 10 12 13 15 16 | 16.0
Fighting       | 3 4 5 7 9 10 12 13 15 18 20 | 20.0
Throwing       | 3 |  3.0
Invocations    | 5 7 11 13 | 13.0
Evocations     | 4 5 7 9 11 | 11.0
Stealth        | |  0.6

Action                     |  1- 3 |  4- 6 |  7- 9 | 10-12 | 13-15 | 16-18 || total
---------------------------+-------+-------+-------+-------+-------+-------++-------
  Melee: Shortbow          |       |       |       |     2 |       |       ||     2
   Fire: Shortbow          |    46 |   184 |   265 |   604 |   971 |   550 ||  2620
  Throw: Dart              |       |       |     2 |       |       |       ||     2
 Invoke: Heroism           |       |       |     3 |    19 |    22 |    11 ||    55
         Finesse           |       |       |       |     4 |     5 |     5 ||    14
  Evoke: Wand              |       |       |       |    12 |     1 |       ||    13
         Tin of tremorston |       |       |       |       |     1 |     1 ||     2
    Use: Scroll            |       |    11 |     6 |     9 |    12 |     1 ||    39
         Potion            |       |       |     4 |     3 |       |     4 ||    11
 Armour: Leather armour    |    12 |    31 |    53 |     4 |       |       ||   100
         Steam dragon scal |       |       |       |    39 |       |       ||    39
         Ring mail         |       |       |       |   123 |   227 |   110 ||   460
  Dodge: Dodged            |    24 |    68 |   104 |   265 |   569 |   364 ||  1394

Table legend: (Time is in decaauts)
 A = Elapsed time spent in this place.
 B = Non-inter-level travel time spent in this place.
 C = Inter-level travel time spent in this place.
 D = Time resting spent in this place.
 E = Time spent auto-exploring this place.
 F = Levels seen in this place.
 G = Mean time per level.
                   A        B        C        D        E       F      G
               +--------+--------+--------+--------+--------+-----+--------+
         Total |  11524 |  10564 |    960 |     90 |    224 |  25 |  461.0 |
       Dungeon |   6233 |   5566 |    667 |      0 |      0 |  11 |  566.6 |
        Temple |    177 |    150 |     27 |      0 |    132 |   1 |  177.0 |
          Lair |   2202 |   2046 |    156 |      0 |      0 |   5 |  440.4 |
        Shoals |   1851 |   1742 |    109 |      1 |      0 |   4 |  462.8 |
   Spider Nest |    415 |    415 |      0 |      0 |      0 |   2 |  207.5 |
        Bailey |    336 |    336 |      0 |      0 |     58 |   1 |  336.0 |
       Volcano |    308 |    308 |      0 |     89 |     33 |   1 |  308.0 |
               +--------+--------+--------+--------+--------+-----+--------+

Top non-repeatable levels by time:
    D:10: 812 daAuts
  Lair:5: 796 daAuts
     D:9: 719 daAuts
     D:6: 712 daAuts
     D:7: 613 daAuts
     D:3: 613 daAuts
     D:4: 574 daAuts
     D:8: 564 daAuts
     D:1: 548 daAuts
Shoals:2: 547 daAuts
  Lair:2: 512 daAuts
     D:5: 498 daAuts
     D:2: 490 daAuts
Shoals:3: 457 daAuts
Shoals:1: 456 daAuts
